 Dungeon Crawl Stone Soup version 0.31.0-11-ge490571c62 (webtiles) character file.

Game seed: 7623177373483511720

72 qw the Shooter (level 4, -1/25 HPs)
             Began as a Deep Elf Hunter on Feb 3, 2024.
             Slain by a gnoll
             ... wielding a +0 halberd of flaming
             ... led by a gnoll sergeant
              (9 damage)
             ... on level 3 of the Dungeon.
             The game lasted 00:00:08 (1412 turns).

qw the Shooter (Deep Elf Hunter)                    Turns: 1412, Time: 00:00:08

Health: -1/25      AC:  5    Str: 10    XL:     4   Next: 6%
Magic:  6/6        EV: 11    Int: 14    God:
Gold:   128        SH:  0    Dex: 18    Spells: 3/3 levels left

rFire   . . .        a - +0 shortbow
rCold   . . .        (shield currently unavailable)
rNeg    . . .        h - +0 ring mail
rPois   .            (no helmet)
rElec   .            (no cloak)
rCorr   .            (no gloves)
SInv    .            (no boots)
Will    .....        i - amulet of faith
Stlth   +            (no ring)
HPRegen 0.24/turn    (no ring)
MPRegen 0.10/turn

%: faith
@: no status effects
A: no striking features
a: no special abilities


You were on level 3 of the Dungeon.
You visited 1 branch of the dungeon, and saw 3 of its levels.

You collected 128 gold pieces.


   Skills:
 - Level 1.5 Fighting
 + Level 7.5 Ranged Weapons
 - Level 2.4 Dodging
 - Level 1.2 Stealth


You had 3 spell levels left.
You didn't know any spells.
Your spell library was empty.

Inventory:

Hand Weapons
 a - a +0 shortbow (weapon)
Armour
 c - the +5 ring mail of Lust {Int+3}
   (You found it on level 3 of the Dungeon)

   Int+3:     It affects your intelligence (+3).
 h - a +0 ring mail (worn)
Jewellery
 i - an amulet of faith (around neck)
Scrolls
 b - a scroll of noise {unknown}
 d - 3 scrolls of teleportation
 f - a scroll of enchant weapon {unknown}
Potions
 e - a potion of might
 g - a potion of curing

Dungeon Overview and Level Annotations

Branches:
Dungeon (3/15)

Altars:
Makhleb


Message History

A gnoll is wielding a +0 halberd of flaming.
You shoot an arrow. The arrow hits the gnoll.
The gnoll shouts!
The gnoll is moderately wounded.
You hear a shout!
The gnoll shouts!
A gnoll sergeant comes into view. It is wielding a +0 spear.
Enter note: You shoot an arrow.
The gnoll sergeant shouts!
The arrow hits the gnoll.
The gnoll is moderately wounded.
You shoot an arrow. The arrow hits the gnoll.
The gnoll is heavily wounded.
A gnoll comes into view. It is wielding a +0 halberd.
Enter note:
1400 ||| RETREEEEATING.
Enter note:
1401 ||| RETREEEEATING.
Enter note:
1402 ||| RETREEEEATING.
Enter note:
1403 ||| RETREEEEATING.
Enter note:
1404 ||| RETREEEEATING.
Enter note:
1405 ||| RETREEEEATING.
1407 ||| RETREEEEATING.
The gnoll sergeant hits you from afar with a +0 spear!
1409 ||| RETREEEEATING.
You start resting.
A gnoll is nearby!
You shoot an arrow.
The arrow hits the gnoll but does no damage.
The gnoll barely misses you.
Enter note: You shoot an arrow.
The arrow hits the gnoll sergeant.
The gnoll sergeant is lightly wounded.
The gnoll sergeant hits you with a +0 spear!
The gnoll hits you from afar with a +0 halberd of flaming!
You die...

........#..###
#.....#......##..
#......##....## ###
#...>........
#########..<..##
###......#... ####...#
##...........
###.######............
#.........#.........
##.#......<.##....#.
#.###..%..%.......#
#.@.#..........#...
###g...........#...
###g.g.......##....##
#######.gg.g....####
....#
#.......>..#.#.## ....
##......####...# .#..
......##.......##
.#### ####.<..# ....


You could see a gnoll sergeant and 2 gnolls.

Vanquished Creatures
  3 dart slugs
  A ribbon worm (D:2)
  11 ball pythons
  4 endoplasms
  2 giant cockroaches (D:2)
  4 goblins (D:1)
  7 hobgoblins
  2 quokkas (D:2)
  8 bats
  5 frilled lizards
  8 kobolds
  6 rats
61 creatures vanquished.

Notes
Turn   | Place    | Note
-------+----------+-------------------------------------------
     0 | D:1      | qw the Deep Elf Hunter began the quest for the Orb.
     0 | D:1      | Reached XP level 1. HP: 12/12 MP: 3/3
     0 | D:1      | 0 ||| qw: Version: 0.3-a-155-g5e7d8dd
     0 | D:1      | 0 ||| qw: Game counter: 3127
     0 | D:1      | 0 ||| qw: Melee chars always use a shield: true
     0 | D:1      | 0 ||| qw: God list: Okawaru
     0 | D:1      | 0 ||| qw: Allow faded altars: false
     0 | D:1      | 0 ||| qw: Do Orc after clearing Dungeon:15 true
     0 | D:1      | 0 ||| qw: Do second Lair branch before Depths: true
     0 | D:1      | 0 ||| qw: Lair rune preference: random
     0 | D:1      | 0 ||| qw: Goals: Normal
     0 | D:1      | 0 ||| PLANNING D:1-11
    73 | D:1      | Found a faded altar of an unknown god.
    78 | D:1      | Reached skill level 6 in Ranged Weapons
    78 | D:1      | Reached XP level 2. HP: 16/16 MP: 4/4
   230 | D:1      | Reached XP level 3. HP: 18/20 MP: 5/5
   358 | D:1      | 358 ||| READING 2 scrolls labelled WOFFEFIU CEIJE.
   359 | D:1      | 359 ||| READING scroll labelled JIPOYVVAUF.
   364 | D:1      | 364 ||| READING 3 scrolls labelled RAGISM EGRE.
   364 | D:1      | 364 ||| IDENTIFYING lumpy inky potion
   365 | D:1      | 365 ||| READING 2 scrolls of identify.
   365 | D:1      | 365 ||| IDENTIFYING grey potion
   366 | D:1      | 366 ||| READING scroll of identify.
   366 | D:1      | 366 ||| IDENTIFYING metallic blue potion
   367 | D:1      | 367 ||| READING scroll labelled EPESIF FE KYXA.
   367 | D:1      | 367 ||| ENCHANTING +0 shortbow.
   368 | D:1      | 368 ||| DROPPING scroll of butterflies.
   369 | D:1      | 369 ||| DROPPING scroll of fear.
   370 | D:1      | 370 ||| DROPPING potion of brilliance.
   613 | D:2      | Reached skill level 7 in Ranged Weapons
   618 | D:2      | Found a burning altar of Makhleb.
  1205 | D:2      | 1205 ||| UPGRADING to +0 ring mail.
  1215 | D:2      | 1215 ||| DROPPING +0 leather armour.
  1216 | D:2      | 1216 ||| UPGRADING to amulet of faith.
  1221 | D:2      | 1221 ||| READING 2 scrolls of identify.
  1221 | D:2      | 1221 ||| IDENTIFYING glowing black potion
  1222 | D:2      | 1222 ||| READING scroll of identify.
  1222 | D:2      | 1222 ||| IDENTIFYING scroll labelled PELIEFF LIOBB
  1223 | D:2      | 1223 ||| DROPPING scroll of vulnerability.
  1224 | D:2      | 1224 ||| DROPPING potion of attraction.
  1255 | D:3      | 1255 ||| STAIRDANCE
  1264 | D:2      | Reached XP level 4. HP: 13/25 MP: 6/6
  1354 | D:3      | Identified the +5 ring mail of Lust {Int+3}
  1397 | D:3      | Noticed a gnoll sergeant
  1400 | D:3      | 1400 ||| RETREEEEATING.
  1401 | D:3      | 1401 ||| RETREEEEATING.
  1402 | D:3      | 1402 ||| RETREEEEATING.
  1403 | D:3      | 1403 ||| RETREEEEATING.
  1404 | D:3      | 1404 ||| RETREEEEATING.
  1405 | D:3      | 1405 ||| RETREEEEATING.
  1407 | D:3      | 1407 ||| RETREEEEATING.
  1409 | D:3      | 1409 ||| RETREEEEATING.
  1412 | D:3      | Slain by a gnoll

Levels and vault maps discovered:
D:1:      scummos_arrival_hexagon, layout_basic,
          hellmonk_ecumenical_altar_heavens_door, serial_bayou_lagoon_a
D:2:      layout_loops_corners, basic_altar
D:3:      layout_rooms, nicolae_kite_square_tiling_tiny

Skill      XL: |  1  2  3 |
---------------+----------+-----
Ranged Weapons | 6 7 |  7.5
Fighting       | |  1.5
Dodging        | |  2.4
Stealth        | |  1.2

Action                     |  1- 3 |  4- 6 || total
---------------------------+-------+-------++-------
   Fire: Shortbow          |   133 |    10 ||   143
    Use: Scroll            |     8 |       ||     8
 Armour: Leather armour    |    12 |       ||    12
         Ring mail         |    11 |     7 ||    18
  Dodge: Dodged            |    26 |     2 ||    28

Table legend:
 A = Non-vault XP
 B = Vault XP
 C = Vault XP percentage of total XP
 D = Non-vault monster count
 E = Vault monster count
 F = Vault count percentage of total count
                 A         B        C        D         E       F
            +---------+---------+-------+---------+---------+-------
      Total |     103 |       0 |   0.0 |      61 |       0 |   0.0
            +---------+---------+-------+---------+---------+-------
        D:1 |      56 |       0 |   0.0 |      34 |       0 |   0.0
        D:2 |      39 |       0 |   0.0 |      21 |       0 |   0.0
        D:3 |       8 |       0 |   0.0 |       6 |       0 |   0.0
            +---------+---------+-------+---------+---------+-------
